[Event "Bicaz City Cup 2020"]
[Site "Bicaz"]
[Date "2020.03.08"]
[Round "7.18"]
[White "Pitigoi, Sabina-Andreea"]
[Black "Saioc, David"]
[Result "0-1"]
[ECO "A46"]
[WhiteElo "1687"]
[BlackElo "1837"]
[Annotator "NA RC"]
[PlyCount "98"]
[EventDate "2020.03.05"]
[EventType "swiss"]
[EventCountry "ROU"]
[SourceTitle "playchess.com"]
[Source "ChessBase"]
[SourceQuality "1"]
[TimeControl "5400+30"]

1. d4 Nf6 2. Nf3 e6 3. c4 c5 4. Nc3 cxd4 5. Nxd4 d5 6. Bg5 dxc4 7. e4 a6 ({Black should try} 7... Bc5 $11 8. Nf3 Qc7) 8. Bxc4 Nbd7 9. a3 Be7 10. Nf3 b5 11. Bd3 Bb7 12. b4 Rc8 13. Rc1 Nd5 14. Bxe7 Nxe7 15. O-O Ng6 16. Bb1 O-O 17. Qd2 Qe7 18. Ne2 $15 Nde5 19. Nxe5 Nxe5 20. Rfd1 Nc4 21. Qa2 Rfd8 22. h3 Qh4 23. Ng3 Ne3 24. Rxc8 Rxc8 25. Re1 Nc4 26. Rd1 Ne3 27. Re1 Nc4 28. Rd1 Rd8 29. Rd3 Rxd3 30. Bxd3 Ne5 31. Qc2 Qd8 32. Bf1 g6 33. Qc3 Qd6 34. Kh1 h5 35. f4 Nc4 36. e5 Qd5 37. Ne2 Nd2 38. Qc1 Nxf1 39. Qxf1 Qd3 40. Qf2 Bd5 41. Nc1 Qxa3 42. Qc5 Qb2 43. Qg1 Qxb4 44. Ne2 Qd2 45. Qb6 Qxe2 46. Qd8+ Kh7 47. Qg5 Qxg2+ 48. Qxg2 Bxg2+ 49. Kxg2 b4 0-1

[Event "Bicaz City Cup 2020"]
[Site "Bicaz"]
[Date "2020.03.08"]
[Round "7.19"]
[White "Bulgaru, Daniel-Alexandru"]
[Black "Tablan, Andrei-Damian"]
[Result "0-1"]
[ECO "B90"]
[WhiteElo "1706"]
[BlackElo "1808"]
[Annotator "NA RC"]
[PlyCount "62"]
[EventDate "2020.03.05"]
[EventType "swiss"]
[EventCountry "ROU"]
[SourceTitle "playchess.com"]
[Source "ChessBase"]
[SourceQuality "1"]
[TimeControl "5400+30"]

1. e4 c5 2. Nf3 d6 3. d4 cxd4 4. Nxd4 Nf6 5. Nc3 a6 6. Be3 b5 7. f3 Bb7 8. Qd2 e6 9. Bd3 {[%emt 0:05:32] B80: Sicilian Scheveningen: 6 g3 and 6 Be3, including English Attack.} Nbd7 10. Qf2 Rc8 11. O-O Be7 {[%emt 0:00:22] [#]} 12. Rac1 $146 ({Predecessor:} 12. Rae1 O-O 13. Kh1 Ne5 14. Bc1 Nfd7 15. f4 Nxd3 16. cxd3 Bh4 17. g3 Bf6 18. Rd1 {0-1 (33) Filewicz,P (1719)-Nasuta,G (2270) Bialystok 2012}) 12... O-O 13. Rfd1 Ne5 14. Nb3 Nfd7 15. a4 b4 16. Na2 (16. Nb1 $15) 16... a5 (16... d5 $17 17. Bd4 Bd6) 17. Qe2 Nc5 18. Nxc5 dxc5 19. Bb5 Qb6 20. f4 (20. b3 $15) 20... Nc6 $15 21. Rd7 Rfd8 22. Rcd1 Rxd7 23. Rxd7 Rc7 24. Qd3 Nd4 25. Rxc7 Qxc7 26. c3 Nxb5 27. axb5 c4 28. Qd4 b3 29. Nc1 a4 30. Ne2 a3 31. bxa3 b2 0-1

[Event "Bicaz City Cup 2020"]
[Site "Bicaz"]
[Date "2020.03.08"]
[Round "7.20"]
[White "Apostolakii, Olga"]
[Black "Dumitru, Luca-Serban"]
[Result "0-1"]
[ECO "A25"]
[WhiteElo "1629"]
[BlackElo "1788"]
[Annotator "NA RC"]
[PlyCount "60"]
[EventDate "2020.03.05"]
[EventType "swiss"]
[EventCountry "ROU"]
[SourceTitle "playchess.com"]
[Source "ChessBase"]
[SourceQuality "1"]
[TimeControl "5400+30"]

1. c4 e5 2. Nc3 Nc6 3. g3 Bb4 4. Nd5 Bc5 5. Bg2 d6 6. d3 Nge7 7. a3 Nxd5 8. cxd5 Ne7 9. e4 c6 10. dxc6 Nxc6 11. Ne2 a5 12. O-O Be6 13. Nc3 O-O 14. Be3 Nd4 15. Nd5 a4 16. Bxd4 Bxd4 17. Rb1 Qd7 18. Qd2 Rfc8 19. Qb4 Bxd5 20. exd5 Rc2 21. b3 Bc5 22. Qh4 axb3 23. d4 Bxd4 24. Be4 g6 25. Bxc2 bxc2 26. Rb4 Bxf2+ 27. Kxf2 Qf5+ 28. Kg2 Qxf1+ 29. Kxf1 c1=Q+ 30. Kg2 Qd2+ 0-1